Map: Cerulean Fall LE

Players

IlIlIlIlIlIl - Winner!

  • Race: Protoss Protoss
  • Spawn Location: 1:00

Apoptosis

  • Race: Zerg Zerg
  • League: Diamond
  • Spawn Location: 7:00

VOD

Have the link to the VOD?

Description

Time

  • Played on: Sept. 6, 2018, 7:10 a.m.
  • Length: 15:09
Show
View Real Time Build Order
Export as new Build Order

IlIlIlIlIlIl Protoss - Winner!

Build Orders: 1 Gate Expand, Zealot Archon 

Get SALT Encoding   

  12  0:01  Probe  
  13  0:13  Probe  
  14  0:20  Pylon  
  14  0:25  Probe  
  15  0:34  Probe  
  15  0:42  Gateway, Probe  
  17  0:52  Probe  
  18  1:04  Probe  
  19  1:25  Nexus  
  19  1:28  Assimilator  
  19  1:32  Assimilator  
  19  1:41  Cybernetics Core  
  19  1:48  Pylon  
  19  1:59  Probe  
  20  2:10  Warp Gate, Adept  
  20  2:11  Probe  
  21  2:22  Probe  
  24  2:30  Probe  
  24  2:36  Stalker  
  25  2:38  Probe  
  25  2:40  Probe  
  29  2:49  Probe  
  30  2:52  Probe  
  30  2:54  Twilight Council  
  31  3:01  Probe  
  31  3:05  Pylon  
  31  3:10  Shield Battery  
  31  3:15  Probe  
  31  3:17  Sentry  
  31  3:19  Probe  
  35  3:27  Probe  
  35  3:30  Shield Battery  
  35  3:31  Probe  
  37  3:39  Probe  
  38  3:44  Probe  
  39  3:51  Probe  
  40  3:56  Probe  
  39  4:03  Probe  
  39  4:05  Robotics Facility  
  39  4:06  Dark Shrine  
  39  4:08  Probe  
  41  4:11  Gateway  
  41  4:14  Gateway  
  41  4:15  Probe  
  42  4:20  Probe  
  42  4:21  Assimilator  
  42  4:23  Assimilator  
  43  4:27  Probe  
  44  4:32  Probe  
  44  4:36  Pylon  
  45  4:39  Probe  
  45  4:43  Warp Prism  
  45  4:44  Probe  
  47  4:45  Gateway  
  47  4:48  Pylon  
  47  4:51  Probe  
  48  4:53  Pylon  
  48  4:55  Charge  
  48  4:56  Probe  
  48  4:58  Pylon  
  51  5:05  Probe  
  52  5:08  Probe  
  52  5:12  Forge  
  53  5:17  Probe  
  53  5:20  Observer, Probe  
  56  5:33  Probe  
  57  5:38  Protoss Ground Weapons Level 1  
  57  5:40  Dark Templar x2  
  57  5:41  Dark Templar x2  
  65  5:49  Nexus  
  65  5:51  Nexus  
  65  5:54  Pylon  
  65  6:00  Immortal  
  69  6:25  Probe  
  70  6:26  Probe  
  70  6:28  Sentry x2  
  70  6:29  Zealot x2  
  79  6:33  Immortal  
  79  6:35  Archon x2  
  79  6:37  Probe  
  79  6:39  Probe  
  85  6:44  Gateway  
  85  6:47  Gateway  
  85  6:51  Gateway  
  85  6:55  Probe  
  85  6:58  Robotics Facility  
  85  7:00  Zealot  
  85  7:01  Zealot  
  90  7:09  Probe  
  90  7:11  Templar Archives  
  90  7:12  Immortal  
  90  7:14  Probe  
  96  7:16  Pylon  
  96  7:20  Pylon  
  96  7:21  Probe  
  97  7:27  Probe  
  97  7:32  Zealot x2  
  101  7:38  Probe  
  101  7:41  Shield Battery  
  102  7:44  Shield Battery  
  102  7:47  Immortal  
  106  7:52  Immortal  
  110  8:03  Probe  
  110  8:05  Zealot x4  
  113  8:07  Protoss Ground Weapons Level 2  
  113  8:08  Psionic Storm  
  119  8:13  Assimilator  
  119  8:17  Assimilator  
  119  8:26  Immortal  
  121  8:29  Zealot x4  
  121  8:30  Zealot x2  
  119  8:38  Zealot  
  119  8:41  Immortal  
  95  8:53  Dark Templar x3  
  95  8:54  Zealot x2  
  95  8:55  Zealot  
  97  9:06  Probe  
  96  9:12  Archon  
  96  9:13  Dark Templar, Probe  
  99  9:18  Probe  
  100  9:25  Probe  
  100  9:27  Stargate  
  100  9:31  Nexus, Protoss Air Weapons Level 1, Stargate  
  101  9:32  Immortal  
  101  9:33  Stargate  
  101  9:35  Probe  
  106  9:40  High Templar, Archon  
  106  9:42  Zealot  
  110  9:49  Zealot x5  
  120  10:12  Probe  
  117  10:15  Pylon  
  117  10:18  Pylon  
  117  10:19  Protoss Ground Weapons Level 3, Immortal x2, Fleet Beacon  
  117  10:21  Assimilator  
  125  10:25  Assimilator  
  125  10:33  Zealot x2  
  125  10:34  Zealot x2  
  133  10:37  Zealot  
  127  11:01  Carrier x3  
  127  11:02  Probe  
  128  11:05  Mothership  
  146  11:25  Pylon  
  154  11:28  Pylon  
  154  11:31  Photon Cannon, Pylon  
  154  11:33  Shield Battery  
  154  11:42  Zealot  
  156  11:52  Zealot x5  
  156  11:53  Zealot  
  168  12:05  High Templar  
  168  12:23  Zealot x3  
  168  12:24  Zealot x3  
  176  12:35  Carrier x3  
  160  12:40  Protoss Air Weapons Level 2  
  160  12:41  High Templar  
  180  12:57  Photon Cannon  
  180  13:06  Nexus  
  180  13:07  Pylon  
  176  13:13  Pylon  
  176  13:18  Warp Prism  
  176  13:22  Zealot x2  
  180  13:28  Zealot x4  
  176  13:55  Graviton Catapult  
  176  13:57  Pylon  
  176  13:59  Assimilator  
  176  14:03  Observer  
  176  14:04  Assimilator  
  176  14:08  Photon Cannon  
  177  14:11  Photon Cannon  
  177  14:12  Photon Cannon  
  177  14:14  Shield Battery  
  177  14:18  High Templar  
  179  14:30  Zealot x6  
  191  14:50  Zealot x2  
  191  14:51  Zealot x2  
Show
View Real Time Build Order
Export as new Build Order

Apoptosis Zerg 

Build Orders: Hatch First 

Get SALT Encoding   

  12  0:01  Drone  
  13  0:12  Overlord  
  13  0:17  Drone  
  14  0:31  Drone x2  
  14  0:35  Drone  
  17  1:01  Drone  
  17  1:02  Drone  
  19  1:07  Hatchery  
  18  1:15  Extractor  
  18  1:16  Spawning Pool  
  16  1:18  Drone  
  16  1:22  Drone  
  18  1:28  Drone  
  19  1:39  Overlord  
  19  1:53  Drone  
  20  2:03  Queen  
  20  2:04  Zergling x2  
  23  2:14  Metabolic Boost  
  23  2:20  Queen  
  23  2:21  Zergling x2  
  26  2:23  Drone x2  
  26  2:29  Drone  
  29  2:32  Drone  
  30  2:48  Drone x2  
  32  2:51  Overlord  
  32  3:05  Drone x3  
  35  3:15  Overlord, Drone x3  
  38  3:20  Hatchery  
  38  3:23  Drone x2  
  39  3:27  Overlord  
  39  3:37  Zergling x2  
  39  3:54  Zergling x8  
  42  4:01  Drone x4  
  46  4:06  Lair  
  46  4:11  Roach Warren  
  46  4:12  Evolution Chamber  
  46  4:13  Extractor  
  46  4:14  Extractor  
  42  4:19  Drone x4  
  46  4:27  Overlord  
  46  4:29  Drone  
  47  4:42  Spore Crawler  
  47  4:43  Drone  
  47  4:44  Drone  
  48  4:48  Spore Crawler  
  48  4:52  Zerg Missile Weapons Level 1  
  47  4:53  Roach x3  
  47  4:54  Roach x4  
  47  4:56  Drone x2  
  63  5:03  Glial Reconstitution  
  63  5:06  Roach  
  63  5:07  Roach x2  
  67  5:08  Overlord  
  67  5:14  Roach x2  
  73  5:21  Overlord x2  
  73  5:29  Roach x3  
  73  5:35  Roach  
  81  5:39  Roach x3  
  87  5:47  Roach x3  
  93  5:53  Roach x2  
  93  5:55  Overlord  
  97  6:12  Overseer  
  93  6:28  Roach x6  
  105  6:39  Overseer  
  105  6:40  Overseer  
  105  6:47  Overlord  
  105  6:48  Overlord x4  
  105  6:54  Overlord x3  
  105  7:01  Overlord x3  
  105  7:07  Overlord  
  105  7:09  Ravager x3  
  108  7:18  Roach x4  
  116  7:38  Roach x6  
  126  7:49  Roach x3  
  130  8:06  Roach  
  130  8:07  Roach x5  
  142  8:15  Zergling x2  
  142  8:16  Zergling x4  
  145  8:20  Roach  
  145  8:21  Roach x3  
  123  8:36  Roach x4  
  97  8:55  Roach x6  
  80  9:10  Roach x4  
  80  9:15  Drone x7  
  91  9:29  Drone  
  91  9:30  Drone x2  
  94  9:39  Extractor  
  94  9:40  Extractor  
  94  9:42  Drone x3  
  95  9:50  Drone x3  
  98  9:55  Drone  
  98  9:56  Drone  
  95  10:12  Roach  
  95  10:13  Roach x7  
  95  10:14  Hydralisk Den  
  110  10:33  Drone x5  
  110  10:34  Drone x3  
  116  10:48  Hydralisk x6  
  128  10:54  Muscular Augments  
  128  10:59  Zerg Missile Weapons Level 2  
  128  11:06  Hydralisk x2  
  132  11:13  Queen  
  132  11:18  Hatchery  
  133  11:22  Hydralisk x4  
  141  11:39  Lurker Den  
  140  11:40  Evolution Chamber  
  139  11:50  Hydralisk  
  139  11:51  Hydralisk x3  
  139  11:53  Overlord x3  
  147  12:01  Drone  
  148  12:02  Extractor, Drone x2  
  148  12:03  Drone x3  
  148  12:06  Grooved Spines, Zerg Ground Armor Level 1  
  152  12:42  Hydralisk x7  
  152  12:43  Hydralisk x4  
  170  12:54  Queen  
  170  12:56  Infestation Pit  
  170  12:57  Hatchery  
  171  13:40  Lair  
  169  13:50  Hatchery  
  168  14:28  Hydralisk x3  
  168  14:29  Hydralisk x6  
  186  14:32  Overlord x4  
  186  14:33  Overlord x3  
Tags
 
Add a new tag
Caveats
  • Supply blocks, unpowered buildings, or Contaminate may cause inaccurate times.
  • Supply counts are checked every 10 seconds.